 Dungeon Crawl Stone Soup version 0.24.0-1-gfbc8707 (webtiles) character file.

Game seed: 10790855871566805911, levelgen mode: deterministic

2859 vhaine the Spear-Bearer (level 9, -2/64 HPs)
             Began as a Merfolk Berserker on Oct 27, 2019.
             Was a Priest of Trog.
             Slain by a killer bee (7 damage)
             ... on level 7 of the Dungeon.
             The game lasted 00:14:46 (6358 turns).

vhaine the Spear-Bearer (Merfolk Berserker)         Turns: 6358, Time: 00:14:46

Health: -2/64      AC:  5    Str: 21    XL:     9   Next: 75%
Magic:  9/9        EV: 19    Int: 13    God:    Trog [***...]
Gold:   341        SH:  0    Dex: 14    Spells: 8/8 levels left

rFire    + . .     SeeInvis .   d - +3 spear (venom)
rCold    + . .     Gourm    +   (no shield)
rNeg     . . .     Faith    .   e - +1 leather armour
rPois    +         Spirit   .   (no helmet)
rElec    +         Reflect  .   i - +0 cloak
rCorr    +         Harm     .   (no gloves)
MR       ++...                  (no boots)
Stlth    +.........             j - amulet of the gourmand
HPRegen  1.20/turn              p - ring "Ymmiesk" {Wiz rPois Str+3}
MPRegen  0.11/turn              (no ring)

@: brilliant, lethally poisoned (-2 -> -2), resistant, berserk cooldown,
regenerating, slowed, very slow
A: change form in water, swift swim, stealthy swim
a: Berserk, Trog's Hand, Renounce Religion


You were on level 7 of the Dungeon.
You worshipped Trog.
Trog was most pleased with you.
You were very full.

You visited 1 branch of the dungeon, and saw 8 of its levels.

You collected 341 gold pieces.

Inventory:

Hand Weapons
 d - a +3 spear of venom (weapon)
 l - a +1 trident
Missiles
 r - 6 silver javelins (quivered)
Armour
 e - a +1 leather armour (worn)
 i - a +0 cloak (worn)
Jewellery
 j - an amulet of the gourmand (around neck)
 p - the ring "Ymmiesk" (left hand) {Wiz rPois Str+3}
   (You took it off a crimson imp on level 5 of the Dungeon)

   [ring of wizardry]

   It improves your spell success rate.
   It affects your strength (+3).
   It protects you from poison.
Scrolls
 a - a scroll of teleportation {unknown}
 b - 7 scrolls of identify
 g - 2 scrolls of enchant armour
 k - 6 scrolls of remove curse
 o - a scroll of fear {unknown}
Potions
 h - a potion of mutation {unknown}
 m - a potion of berserk rage
Comestibles
 c - 11 rations


   Skills:
 - Level 3.2 Fighting
 - Level 14.0 Polearms
 - Level 1.3 Armour
 + Level 11.4 Dodging


You had 8 spell levels left.
You didn't know any spells.
Your spell library was empty.

Dungeon Overview and Level Annotations

Branches:
Dungeon (8/15)             Temple (0/1) D:4
   Lair: D:8-11

Altars:
Fedhas
Makhleb
Nemelex Xobeh
Sif Muna
Uskayaw
Vehumet
Wu Jian
Xom
Yredelemnul
Zin
The Shining One

Annotations:
D:3 4 runed translucent doors, Fang's ghost, amateur GrBe


Message History

The killer bee misses you. x2; The killer bee barely misses you.
The killer bee stings you.
* * * LOW HITPOINT WARNING * * *
The killer bee stings you.
* * * LOW HITPOINT WARNING * * *
The killer bee closely misses you.
Okay, then.
It was a potion of resistance.
You feel protected.
The killer bee stings you but does no damage.
The killer bee stings you.
* * * LOW HITPOINT WARNING * * *
The killer bee stings you but does no damage.
The killer bee completely misses you. x2; The killer bee misses you.
The killer bee closely misses you. The killer bee barely misses you.
The killer bee completely misses you. The killer bee misses you.
The killer bee completely misses you. The killer bee misses you.
You feel sick. The killer bee closely misses you.
The killer bee barely misses you. The killer bee stings you!
You die...

###............#
#...........##.# ###
#######...........##.###..
##...#....................)
##.........>................
#...........[..............#
#...........s...<...........
#.........yyy.......#####...
##........y@........# #..#
##...#.............# ###.##
########..........###...##
#####..................
#.....###...####...)...
##.###.# ###.....#......
#..###.#######..........
#...<..................#
######....#########....#


You could see 4 killer bees and a giant cockroach.

Vanquished Creatures
  Joseph (D:7)
  Grum (D:8)
  2 hungry ghosts
  An orc warrior (D:7)
  An ice beast (D:7)
  A necrophage (D:7)
  2 ogres
  2 wolves (D:8)
  5 bullfrogs
  6 killer bees (D:7)
  4 crimson imps
  3 orc priests
  4 hounds
  2 jellies
  5 orc wizards
  2 iguanas
  7 worker ants
  A hound zombie (D:7)
  A worker ant zombie (D:6)
  7 adders
  4 gnolls (D:4)
  2 shadow imps
  2 oozes
  An adder zombie (D:7)
  An adder skeleton (D:7)
  4 worms
  3 dart slugs
  4 leopard geckos
  16 orcs
  4 bats
  2 giant cockroaches
  10 goblins
  10 hobgoblins
  4 jackals
  3 quokkas
  4 frilled lizards
  10 kobolds
  2 leopard gecko skeletons
  A leopard gecko zombie (D:5)
  8 rats
153 creatures vanquished.

Notes
Turn   | Place    | Note
-------+----------+-------------------------------------------
     0 | D:1      | vhaine the Merfolk Berserker began the quest for the Orb.
     0 | D:1      | Reached XP level 1. HP: 18/18 MP: 1/1
   228 | D:1      | Reached skill level 5 in Polearms
   295 | D:1      | Reached XP level 2. HP: 20/24 MP: 2/2
   633 | D:1      | Reached skill level 6 in Polearms
   633 | D:1      | Reached XP level 3. HP: 29/29 MP: 3/3
   938 | D:2      | Found a basalt altar of Yredelemnul.
   985 | D:2      | Reached ** piety under Trog
  1084 | D:2      | Reached XP level 4. HP: 26/35 MP: 4/4
  1119 | D:2      | Reached skill level 7 in Polearms
  2091 | D:3      | Found a glowing silver altar of Zin.
  2091 | D:3      | Noticed an angel
  2092 | D:3      | Found a runed translucent door.
  2264 | D:3      | Reached skill level 8 in Polearms
  2268 | D:3      | Reached XP level 5. HP: 29/41 MP: 5/5
  2467 | D:3      | Reached skill level 9 in Polearms
  2546 | D:3      | Found a glowing golden altar of the Shining One.
  2847 | D:3      | Found a runed translucent gate.
  2847 | D:3      | Found a runed translucent gate.
  2847 | D:3      | Found a runed translucent gate.
  2847 | D:3      | Noticed Fang's ghost (amateur GrBe)
  2913 | D:4      | Reached XP level 6. HP: 46/47 MP: 6/6
  2941 | D:4      | Found a staircase to the Ecumenical Temple.
  2990 | D:4      | Reached *** piety under Trog
  2990 | D:4      | Reached skill level 10 in Polearms
  3454 | D:4      | Found a sparkling altar of Nemelex Xobeh.
  3586 | D:5      | Entered Level 5 of the Dungeon
  3599 | D:5      | Found a burning altar of Makhleb.
  3601 | D:5      | Found a shimmering blue altar of Sif Muna.
  3603 | D:5      | Found a blossoming altar of Fedhas.
  3603 | D:5      | You fall into a shaft and drop 1 floor!
  3603 | D:6      | Found a shimmering altar of Xom.
  3731 | D:6      | Reached XP level 7. HP: 52/52 MP: 7/7
  3770 | D:6      | Reached skill level 11 in Polearms
  4554 | D:5      | Identified the ring "Ymmiesk" {Wiz rPois Str+3}
  4558 | D:5      | Reached skill level 12 in Polearms
  5034 | D:6      | Found a radiant altar of Vehumet.
  5034 | D:6      | Found an ornate altar of the Wu Jian Council.
  5035 | D:6      | Found a hide-covered altar of Uskayaw.
  5066 | D:6      | Found a shimmering altar of Xom.
  5303 | D:7      | Reached XP level 8. HP: 58/58 MP: 8/8
  5377 | D:7      | Reached skill level 13 in Polearms
  5396 | D:7      | Reached **** piety under Trog
  5416 | D:7      | Reached skill level 14 in Polearms
  5818 | D:7      | Reached skill level 5 in Dodging
  5878 | D:7      | Reached XP level 9. HP: 57/64 MP: 9/9
  5931 | D:7      | Noticed Joseph
  5956 | D:7      | Killed Joseph
  6159 | D:7      | Received a gift from Trog
  6312 | D:8      | Noticed Grum
  6319 | D:8      | Killed Grum
  6319 | D:8      | Reached skill level 10 in Dodging
  6358 | D:7      | Slain by a killer bee

Levels and vault maps discovered:
D:1:      dpeg_arrival_simpleton_b, layout_basic, hex_large
D:2:      minmay_diamond_boxcup, layout_loops_ring,
          nicolae_overflow_hidden_temple
D:3:      wander_river, layout_loops_ring, marbit_many_paths,
          gammafunk_ghost_necromancy, lemuel_angel_altar
D:4:      layout_gridville, minmay_temple_entry_statues_fountains, first_ration,
          nemelex_lonely_heart_becter
D:5:      layout_cave_pools, grunt_temple_overflow_open, minmay_checkerbox
D:6:      layout_cave_pools, nicolae_overflow_quartered_altars, basic_altar,
          minmay_misc_feat_secret_circle
D:7:      layout_rooms, uniq_joseph
D:8:      layout_rooms, serial_glass, glass_columns_a, glass_columns_c,
          serial_shops, shop_statue, st_stairs_1, grunt_livestock, uniq_pikel,
          uniq_prince_ribbit1, uniq_grum, uniq_psyche

Skill      XL: |  1  2  3  4  5  6  7  8  9 |
---------------+----------------------------+-----
Polearms       | 5 6 8 9 10 12 14 | 14.0
Dodging        | 7 11 | 11.4
Fighting       | |  3.2
Armour         | |  1.3

Action                   |  1- 3 |  4- 6 |  7- 9 || total
-------------------------+-------+-------+-------++-------
Melee: Spear             |   102 |   134 |   182 ||   418
       Trident           |       |    75 |    92 ||   167
Invok: Berserk           |       |     6 |     9 ||    15
       Trog's Hand       |       |     1 |     2 ||     3
       Brothers in Arms  |       |       |     1 ||     1
  Use: Potion            |       |     2 |     3 ||     5
       Scroll            |       |    10 |     4 ||    14
 Stab: Sleeping          |       |     2 |       ||     2
  Eat: Chunk             |     1 |    12 |    24 ||    37
       Ration            |       |       |     1 ||     1
Armor: Animal skin       |     5 |       |       ||     5
       Leather armour    |    16 |    20 |    27 ||    63
Dodge: Dodged            |    32 |    64 |   148 ||   244
